 Dungeon Crawl Stone Soup version 0.30-a0-782-ge64f9170bb (webtiles) character file.

Game seed: 10058185150332212875

1495152 postfeelist the Slayer (level 27, 268/268 HPs)
             Began as a Minotaur Berserker on Feb 17, 2023.
             Was a High Priest of Trog.
             Escaped with the Orb
             ... and 3 runes on Feb 19, 2023!
             The game lasted 04:38:41 (93944 turns).

postfeelist the Slayer (Minotaur Berserker)        Turns: 93944, Time: 04:38:41

Health: 268/268    AC: 48    Str: 36      XL:     27
Magic:  7/7        EV: 16    Int:  4      God:    Trog [*****.]
Gold:   4528       SH: 26    Dex: 10 (12) Spells: 26/26 levels left

rFire   + . .      SeeInvis +    j - +9 broad axe (antimagic)
rCold   . . .      Faith    +    P - +4 tower shield
rNeg    + . .      Spirit   .    I - +10 plate armour {rC+}
rPois   +          Reflect  .    (helmet restricted)
rElec   +          Harm     .    F - +3 cloak of Mufrymof {Regen+}
rCorr   +          Rampage  +    K - +0 pair of gloves of the Hall of Blades {Rampage rF+}
Will    +++++      Clarity  +    h - +2 pair of boots Stlth
                                 s - amulet of Freedom {Faith +Inv rPois}
HPRegen 1.44/turn                Q - ring of Ubrasace {AC+4 Str+4}
MPRegen 0.10/turn                l - ring "Sutzo" {rElec rC- rN+ Will++ rCorr}

@: studying 2 skills
A: horns 2, retaliatory headbutt, talons 1, iridescent scales 1, see invisible,
clarity, deterioration 1, strong-willed 2, weak 1
0: Orb of Zot
}: 3/15 runes: serpentine, barnacled, silver
a: Renounce Religion, Evoke Invisibility, Berserk, Trog's Hand, Brothers in Arms


You escaped.
You worshipped Trog.
Trog was extremely pleased with you.
You visited 11 branches of the dungeon, and saw 51 of its levels.
You visited the Abyss 2 times.
You visited 1 bazaar.
You also visited: Sewer, Ossuary, Gauntlet, Ice Cave and Wizlab.

You collected 8335 gold pieces.
You spent 3807 gold pieces at shops.

Inventory:

Hand Weapons
 j - a +9 antimagic broad axe (weapon)
 B - the +7 broad axe "Wuemet" {heavy, rElec Str+3}
   (Trog gifted it to you on level 15 of the Dungeon)

   Str:       It affects your strength (+3).
   rElec:     It insulates you from electricity.
 O - the +6 arbalest "Damnation" {damnation}
   (You took it off a merfolk on level 4 of the Shoals)
 S - a +9 broad axe of flaming
Missiles
 e - 8 silver boomerangs
 A - 18 curare-tipped darts
 Y - 17 silver javelins (quivered)
Armour
 f - the +2 cloak of Gluttony {+Blink rElec rPois}
   (You acquired it on level 10 of the Dungeon)

   rElec:     It insulates you from electricity.
   rPois:     It protects you from poison.
   +Blink:    It lets you blink.
 h - a +2 pair of boots (worn)
 F - the +3 cloak of Mufrymof (worn) {Regen+}
   (You bought it in a shop in a bazaar)

   Regen:     It increases your rate of health regeneration.
 I - a +10 plate armour of cold resistance (worn)
 K - the +0 pair of gloves of the Hall of Blades (worn) {Rampage rF+}
   (You bought it in a shop in a bazaar)

   rF:        It protects you from fire.
   Rampage:   It bestows one free step when moving towards enemies.
 P - a +4 tower shield (worn)
Jewellery
 l - the ring "Sutzo" (right hand) {rElec rC- rN+ Will++ rCorr}
   (You found it on level 3 of the Vaults)

   [ring of positive energy]

   rC:        It makes you vulnerable to cold.
   rElec:     It insulates you from electricity.
   rN:        It protects you from negative energy.
   rCorr:     It protects you from acid and corrosion.
   Will:      It greatly increases your willpower.
 o - the ring "Geothac" {rC+ EV+5}
   (You found it in a Gauntlet)

   [ring of evasion]

   EV:        It affects your evasion (+5).
   rC:        It protects you from cold.
 s - the amulet of Freedom (around neck) {Faith +Inv rPois}
   (You found it in a Gauntlet)

   [amulet of faith]

   It allows you to gain divine favour quickly.
   rPois:     It protects you from poison.
   +Inv:      It lets you turn invisible.
 L - the ring "Teas" {rF+ rC+ Str+3 Int+6}
   (You found it on level 3 of the Elven Halls)

   [ring of intelligence]

   Str:       It affects your strength (+3).
   Int:       It affects your intelligence (+6).
   rF:        It protects you from fire.
   rC:        It protects you from cold.
 Q - the ring of Ubrasace (left hand) {AC+4 Str+4}
   (You found it on level 5 of the Lair of Beasts)

   [ring of protection]

   AC:        It affects your AC (+4).
   Str:       It affects your strength (+4).
Wands
 n - a wand of flame (60)
 t - a wand of digging (14)
 y - a wand of roots (48)
 C - a wand of paralysis (33)
 R - a wand of acid (41)
 X - a wand of mindburst (29)
Scrolls
 c - 12 scrolls of enchant weapon
 d - 21 scrolls of teleportation
 g - 19 scrolls of immolation
 k - 13 scrolls of poison
 m - 14 scrolls of fog
 r - 6 scrolls of magic mapping
 G - 5 scrolls of silence
 H - 20 scrolls of fear
 N - 5 scrolls of butterflies
Potions
 b - 9 potions of cancellation
 i - 6 potions of invisibility
 p - 3 potions of mutation
 q - 15 potions of heal wounds
 u - 8 potions of might
 v - 10 potions of flight
 w - 25 potions of curing
 x - 12 potions of haste
 z - 7 potions of resistance
 D - 13 potions of attraction
 E - 6 potions of ambrosia
 M - 8 potions of lignification
Miscellaneous
 J - a phantom mirror
 T - a lightning rod (4/4)
 U - a box of beasts
 V - a phial of floods
 W - a tin of tremorstones (2/2)
 Z - a condenser vane


   Skills:
 + Level 25.8 Fighting
 - Level 22.5 Axes
 + Level 18.3 Ranged Weapons
 - Level 17.2 Throwing
 + Level 23.8 Armour
 + Level 23.6 Dodging
 + Level 23.9 Shields
 - Level 10.6 Evocations


You had 26 spell levels left.
You didn't know any spells.
Your spell library was empty.

Dungeon Overview and Level Annotations

Branches:
Dungeon (15/15)            Temple (0/1) D:7            Lair (5/5) D:9
 Shoals (4/4) Lair:2        Snake (4/4) Lair:2        Slime (0/5) Lair:4
    Orc (2/2) D:10            Elf (3/3) Orc:2        Vaults (5/5) D:13
  Crypt (3/3) Vaults:2       Tomb (1/3) Crypt:3      Depths (4/4) D:15
    Zot (5/5) Depths:4      Sewer (visited)         Ossuary (visited)
  IceCv (visited)          WizLab (visited)         Gauntlet (visited)

Altars:
Ashenzari
Elyvilon
Gozag
Kikubaaqudgha
Makhleb
Qazlal
Ru
Trog
Uskayaw
Vehumet
Yredelemnul
The Shining One
Lugonu

Shops:
D:1 =   D:3 (   D:4 *?   D:11 =   Orc:2 (=?[(   Elf:1 !   Elf:2 (:*=   Elf:3 *
Shoals:3 ?   Snake:4 ?:   Depths:1 :   Depths:2 ?   Depths:3 [

Portals:
Hell: Depths:1 Depths:2 Depths:3 Depths:4
Abyss: Shoals:2 Depths:1 Depths:2 Depths:3
Pandemonium: Depths:2
Ziggurat: Depths:1
Trove: Depths:3 (give +3 gold dragon scales)

Annotations:
D:7 1 runed translucent door, toympanos's ghost, novice HuFi
D:15 3 runed translucent doors
Shoals:2 1 runed translucent door
Snake:1 Roxanne
Elf:2 5 runed translucent doors
Depths:2 1 runed translucent door
Depths:3 3 runed translucent doors
Zot:1 2 transporters
Zot:5 exclusion: orange crystal statue


Innate Abilities, Weirdness & Mutations

You have a pair of horns on your head.
You reflexively headbutt those who attack you in melee.
You have sharp toenails.
You are partially covered in iridescent scales. (AC +2)
You have supernaturally acute eyesight. (SInv)
You possess an exceptional clarity of mind.
Your body sometimes deteriorates upon taking damage.
You are highly strong-willed. (Will++)
You are weak. (Str -2)


Message History

(H) Hell (Z) Zot
Where to? (Enter - D:4 @ (x,y), ? - help)
What level of the Dungeon? (default 1, ? - help)
An ice devil comes into view.
The ice devil moves out of view.
You rampage towards the ice devil!
You hit the ice devil but do no damage. You headbutt the ice devil.
The ice devil is lightly wounded.
You completely miss the ice devil. You headbutt the ice devil.
The ice devil is lightly wounded.
You block the ice devil's attack.
You slash the ice devil!
The ice devil is moderately wounded.
You block the ice devil's attack.
You barely miss the ice devil.
You headbutt the ice devil, but do no damage.
The ice devil is moderately wounded.
You block the ice devil's attack.
You barely miss the ice devil.
The ice devil is moderately wounded.
You slice the ice devil!!
The ice devil is severely wounded.
You block the ice devil's attack.
You slash the ice devil! You headbutt the ice devil.
The ice devil is almost dead.
You block the ice devil's attack.
You slice the ice devil!!
You kill the ice devil!
Trog accepts your kill.
There is a stone staircase leading up here.
You climb upwards.
A neqoxec comes into view.
There is a stone staircase leading down here.
There is a stone staircase leading up here.
You climb upwards.
There is a stone staircase leading down here.
A lich and a small abomination come into view.
The lich shouts!
There is a staircase leading out of the dungeon here.
You have escaped! #.## ♣. ♣PPP

#..## #..PP...P...... #
#...#####..P..P..P.PPP .#
##.#....#P..P.PPP♣PP.♣♣P#
#.#....#♣P.P♣P..P..P...#
##.#.##.#.PPPP..PP....PP####
.....##.#################..#
##...................x...#.######
###..##....##...@...##.....(....#
.##.......)...........L......##.#
..#.###....##.###.#####.#..#.....
....# #.##.##.# ##.###.##..####.#
..†.###.##.##.# ##.#......####.#
.....##>......# ####.####......>#
......###...### #......##########
.....## #.....###.##.#........†..
....#####......##.#.#...###......


You could see a lich and a small abomination.

Vanquished Creatures
  5 dread liches
  2 orbs of fire (Zot:5)
  3 ancient liches
  A Killer Klown (Zot:5)
  Saint Roka (Vaults:2)
  Vv (Zot:1)
  Margery (Vaults:5)
  Frederick (Vaults:3)
  2 curse toes
  Jory (Depths:3)
  A caustic shrike (Depths:3)
  Nikola (Shoals:2)
  7 golden dragons
  4 bone dragons
  A pandemonium lord (Zot:3)
  2 electric golems (Zot:5)
  10 tentacled monstrosities
  6 liches
  26 Orb Guardians
  Asterion (Depths:1)
  11 quicksilver dragons
  2 deep elf master archers (Elf:3)
  The ghost of Jeukyot the Warrior, an adept MiMo of Lugonu (Snake:4)
  7 death cobs
  2 deep elf blademasters (Elf:3)
  Polyphemus (Shoals:2)
  5 titans (Vaults:5)
  6 sphinxes
  A kraken (Shoals:3)
  9 tengu reavers
  8 ancient champions
  9 shadow dragons
  15 draconian monks
  6 storm dragons
  2 daevas (Depths:2)
  Donald (Shoals:2)
  The ghost of Lavandula the Bringer of Life, an adept HuMo of Elyvilon (Shoals:1)
  3 revenants (Crypt:3)
  13 nagarajas
  9 frost giants
  Aizul (Snake:1)
  Ilsuiw (Shoals:2)
  8 fire giants
  7 draconian knights
  A ghost moth (Zot:5)
  6 deep elf sorcerers
  3 iron dragons
  5 draconian scorchers
  25 vault wardens
  6 ghouls
  8 draconian stormcallers
  2 balrugs
  2 caustic shrike zombies (Depths:4)
  4 draconian shifters
  2 curse skulls (Crypt:3)
  3 deep elf elementalists (Elf:3)
  A broodmother (shapeshifter) (Elf:2)
  2 orc warlords
  A shard shrike simulacrum (Crypt:3)
  13 ironbound preservers
  5 draconian annihilators
  3 war gargoyles
  2 juggernaut skeletons
  14 very ugly things
  13 stone giants
  6 ironbound thunderhulks
  A quicksilver ooze (shapeshifter) (Vaults:5)
  The ghost of postfeelist the Severer, a journeyman MiBe of Trog (D:12)
  10 yellow draconians
  6 caustic shrike skeletons (Crypt:3)
  8 vampire knights
  6 deep elf demonologists
  7 dire elephants (Vaults:1)
  A spectral titan (Crypt:3)
  Azrael (Snake:1)
  11 black draconians
  Nessos (D:12)
  5 deep elf annihilators
  10 white draconians
  13 green draconians
  18 purple draconians
  13 red draconians
  10 spark wasps
  A minotaur (Gauntlet)
  An ettin (shapeshifter) (Vaults:5)
  9 statues (WizLab)
  A blizzard demon (Depths:3)
  6 eidola
  4 deep elf death magi
  10 merfolk impalers
  Josephine (D:11)
  3 merfolk javelineers
  18 ettins
  5 jiangshi
  5 deep elf high priests
  8 fire dragons
  8 great orbs of eyes
  17 yaktaur captains
  The ghost of IndexError the Skirmisher, a journeyman DEHs of Nemelex Xobeh (D:12)
  2 spriggan zombies (Crypt:1)
  A quicksilver dragon skeleton (Crypt:3)
  3 entropy weavers
  40 vault guards
  12 ice dragons
  2 salamander tyrants
  4 catoblepae
  9 hydras
  4 rakshasas
  An Orb Guardian zombie (Crypt:1)
  3 spriggan skeletons
  2 spriggan air magi (Depths:3)
  A peacekeeper (Vaults:4)
  2 merfolk avatars
  4 ogre magi
  6 anacondas
  11 two-headed ogres
  5 satyrs
  20 centaur warriors
  3 death knights
  11 ironbound frosthearts
  2 merfolk aquamancers (Shoals:4)
  A boulder beetle (D:11)
  17 death yaks
  8 deep troll shamans
  A bennu zombie (Crypt:3)
  10 deep troll earth magi
  4 tengu warriors
  5 vampire magi
  8 naga warriors
  6 thrashing horrors (Abyss:2)
  22 dancing weapons
  5 shock serpents
  17 naga sharpshooters
  6 spriggan berserkers
  12 hell knights
  2 soul eaters
  3 sun demons
  16 deep elf knights
  3 spriggans
  Nergalle (Orc:1)
  10 iron trolls
  37 skeletal warriors
  2 wretched stars (Abyss:2)
  Amaemon (D:9)
  3 salamander mystics
  An iron troll (shapeshifter) (Depths:3)
  A shadow wraith (Crypt:3)
  3 cherubim (Depths:2)
  3 titan skeletons (Crypt:3)
  31 deep trolls
  5 skysharks
  7 wizards
  10 sea snakes
  5 flayed ghosts
  An orange crystal statue (IceCv)
  3 naga ritualists (Snake:4)
  6 orc knights
  2 glowing orange brains
  12 necromancers
  10 lindwurms
  An obsidian statue (Snake:4)
  3 bunyip skeletons
  19 ironbound convokers
  8 harpies
  11 phantasmal warriors
  2 starcursed masses (Elf:2)
  14 deep elf archers
  An iron giant skeleton (Crypt:3)
  A steelbarb worm (shapeshifter) (Vaults:5)
  A shadow dragon zombie (Depths:3)
  A stone giant zombie (Crypt:3)
  9 orc sorcerers
  9 mana vipers
  Pikel (D:6)
  38 ugly things
  27 deep elf zephyrmancers
  A frost giant zombie (Depths:2)
  A shadow dragon skeleton (Crypt:1)
  10 manticores
  12 cyclopes
  34 deep elf pyromancers
  A cyclops (shapeshifter) (Depths:2)
  14 salamanders
  2 merfolk sirens (Shoals:2)
  20 moths of wrath
  A frost giant skeleton (Depths:2)
  15 fauns
  21 elephants
  23 vault sentinels
  25 black mambas
  A demonic crawler (Abyss:2)
  8 guardian serpents (Snake:4)
  7 water nymphs
  A gargoyle (D:10)
  11 naga magi
  2 dire elephant skeletons (Crypt:3)
  3 cane toads
  A centaur skeleton (Crypt:3)
  2 apocalypse crabs (Shoals:2)
  A redback zombie (Crypt:2)
  2 orange demons
  A white draconian zombie (Crypt:1)
  An unseen horror zombie (Crypt:2)
  A bunyip simulacrum (Crypt:3)
  An ice devil (D:3)
  A catoblepas skeleton (Crypt:1)
  5 unseen horrors
  29 yaktaurs
  12 komodo dragons
  5 freezing wraiths
  22 tengu conjurers
  2 tormentors
  2 rime drakes
  An anaconda simulacrum (IceCv)
  A spectral naga (Crypt:3)
  A golden dragon simulacrum (IceCv)
  A spectral deep troll (Crypt:3)
  A polar bear (Lair:5)
  23 merfolk
  A queen bee (shapeshifter) (Vaults:5)
  A meliai (shapeshifter) (D:15)
  7 trolls
  6 meliai
  A spectral harpy (Crypt:3)
  A sea snake skeleton (Crypt:1)
  A shadow dragon simulacrum (Depths:3)
  4 wind drakes
  A polar bear (shapeshifter) (Elf:2)
  A harpy skeleton (Crypt:1)
  3 large abominations (Abyss:2)
  3 hornets
  A hydra skeleton (Crypt:2)
  A tarantella zombie (Crypt:1)
  A raiju (Abyss:2)
  A jumping spider zombie (Crypt:1)
  9 snapping turtles
  A blink frog (shapeshifter) (Vaults:5)
  17 dream sheep
  A frost giant simulacrum (Depths:3)
  10 flying skulls
  11 water elementals
  A ynoxinul (Abyss:2)
  2 centaur simulacra (Crypt:3)
  4 dire elephant simulacra
  A human simulacrum (Crypt:1)
  An iron dragon simulacrum (Depths:3)
  An ettin skeleton (Crypt:3)
  16 slime creatures
  4 vampires
  3 air elementals
  11 wraiths
  A shadow (D:12)
  2 wyverns
  3 basilisks
  42 yaks
  A fire bat (shapeshifter) (Vaults:5)
  An alligator snapping turtle simulacrum (Crypt:3)
  A wind drake skeleton (Crypt:2)
  A yak (shapeshifter) (D:15)
  2 fire elementals
  6 humans (D:13)
  8 vampire mosquitoes
  3 chaos spawn
  3 redbacks (Vaults:2)
  A steam dragon (D:10)
  A neqoxec (Abyss:2)
  A harpy simulacrum (Crypt:3)
  28 nagas
  3 wargs
  Edmund (D:5)
  2 acid dragons
  12 water moccasins
  5 hell hounds (Snake:1)
  A demonspawn skeleton (Crypt:2)
  5 naga skeletons (Crypt:3)
  A floating eye (Depths:3)
  5 black bears
  3 sky beasts
  An ettin simulacrum (IceCv)
  19 orc warriors
  2 alligator simulacra (IceCv)
  An ice beast (D:6)
  A swamp dragon zombie (Crypt:3)
  15 ogres
  16 wolves
  A snapping turtle skeleton (Crypt:1)
  10 centaurs
  2 phantoms (D:11)
  A salamander zombie (Crypt:3)
  3 small abominations (Abyss:2)
  7 bullfrogs
  6 kobold brigands
  A wyvern zombie (Crypt:2)
  2 gnoll sergeants
  8 necrophages
  2 earth elementals
  4 scorpions
  24 wights
  8 killer bees (D:9)
  4 howler monkeys
  3 electric eels (Lair:2)
  A lava snake (D:13)
  2 quasits (Abyss:2)
  A wolf skeleton (Crypt:2)
  3 jellies
  13 orc priests
  A gnoll bouda (D:5)
  6 hounds
  3 iguanas
  44 orc wizards
  Natasha (thrice) (D:4)
  A naga zombie (Crypt:3)
  A sky beast zombie (Crypt:3)
  3 mummies (Ossuary)
  16 gnolls
  9 adders
  5 river rats
  A shadow imp (D:5)
  2 white imps
  2 ufetubi (D:5)
  5 worms
  A dart slug (D:5)
  94 orcs
  11 ball pythons
  7 endoplasms
  4 giant cockroaches
  9 hobgoblins
  14 jackals
  2 quokkas
  13 bats
  4 frilled lizards
  A frilled lizard skeleton (Crypt:2)
  5 goblins
  3 goblin zombies (Ossuary)
  A hobgoblin zombie (Ossuary)
  21 kobolds
  A kobold zombie (Ossuary)
  2 orc zombies (Ossuary)
  A quokka skeleton (Crypt:2)
  16 rats
  A river rat skeleton (Crypt:1)
  A fire vortex (D:13)
  3 tentacles (Shoals:3)
2224 creatures vanquished.

Vanquished Creatures (collateral kills)
  An orb of fire (Zot:5)
  A juggernaut (Depths:4)
  A Killer Klown (Zot:5)
  The ghost of Nedaafist the Warrior, an adept DgNe (Crypt:3)
  An eidolon (Crypt:3)
  A naga warrior (Snake:4)
  A naga sharpshooter (Snake:4)
  A harpy (Vaults:4)
8 creatures vanquished.

Vanquished Creatures (others)
  An ironbound convoker (Vaults:5)
  A wizard (Vaults:3)
  3 deep elf zephyrmancers
  A moth of wrath (Zot:2)
  A tengu conjurer (WizLab)
  A human (D:13)
  14 demonic plants (Gauntlet)
  17 fungi
  212 plants
  11 tentacles (Shoals:3)
  2 withered plants (D:7)
264 creatures vanquished.

Grand Total: 2496 creatures vanquished

Notes
Turn   | Place    | Note
-------+----------+-------------------------------------------
     0 | D:1      | postfeelist the Minotaur Berserker began the quest for the
                  | Orb.
     0 | D:1      | Reached XP level 1. HP: 19/19 MP: 0/0
    39 | D:1      | Found Xatekh's Jewellery Emporium.
    79 | D:1      | Reached XP level 2. HP: 26/26 MP: 1/1
   409 | D:1      | Reached skill level 5 in Axes
   443 | D:1      | Reached XP level 3. HP: 26/31 MP: 2/2
   691 | D:2      | Reached ** piety under Trog
  1425 | D:2      | Reached XP level 4. HP: 39/39 MP: 3/3
  1590 | D:3      | Reached *** piety under Trog
  1838 | D:3      | Found Johoofie's Antique Weapon Shoppe.
  1980 | D:3      | Reached XP level 5. HP: 35/45 MP: 4/4
  1987 | D:3      | Found a glowing drain.
  2000 | Sewer    | Entered a sewer
  2551 | Sewer    | Reached XP level 6. HP: 21/51 MP: 5/5
  3947 | D:4      | Noticed Natasha
  3954 | D:4      | Killed Natasha
  4065 | D:4      | Identified the +7 falchion of a sewer {spect, rPois Int+2
                  | Dex+2}
  4089 | D:4      | Found Ynethruuck's Elemental Accessories.
  4183 | D:4      | Noticed Natasha
  4195 | D:4      | Killed Natasha
  4317 | D:4      | Reached XP level 7. HP: 57/57 MP: 6/6
  4360 | D:4      | Reached skill level 10 in Axes
  4428 | D:4      | Reached **** piety under Trog
  4825 | D:4      | Found a broken altar of Ashenzari.
  4851 | D:4      | Found Cexyugg's Magic Scroll Boutique.
  4882 | D:4      | Noticed Natasha
  4887 | D:4      | Killed Natasha
  5843 | D:5      | Entered Level 5 of the Dungeon
  6113 | D:5      | Reached skill level 4 in Fighting
  6233 | D:5      | Reached XP level 8. HP: 66/66 MP: 7/7
  6375 | D:5      | Noticed Edmund
  6381 | D:5      | Killed Edmund
  6966 | D:5      | Reached skill level 5 in Fighting
  7215 | D:5      | Found the Hermit's Pendant {Faith Invo=14 Evo=0 MP+5}
  7721 | D:5      | Reached skill level 5 in Armour
  7892 | D:5      | Reached XP level 9. HP: 52/75 MP: 8/8
  8561 | D:6      | Reached skill level 6 in Fighting
  8574 | D:6      | Reached skill level 5 in Dodging
  8777 | D:6      | Found a sand-covered staircase.
  8785 | Ossuary  | Entered an ossuary
  9351 | D:6      | Noticed Pikel
  9361 | D:6      | Killed Pikel
  9362 | D:6      | Reached skill level 7 in Fighting
  9362 | D:6      | Noticed a troll
  9370 | D:6      | Killed a troll
 10329 | D:7      | Noticed a cyclops
 10339 | D:7      | Killed a cyclops
 10340 | D:7      | Reached skill level 1 in Throwing
 10340 | D:7      | Reached XP level 10. HP: 69/88 MP: 9/9
 10428 | D:7      | Found a staircase to the Ecumenical Temple.
 10448 | D:7      | Reached ***** piety under Trog
 10569 | D:7      | Found a runed translucent door.
 10570 | D:7      | Noticed toympanos's ghost (novice HuFi)
 10767 | D:7      | Reached skill level 8 in Fighting
 10880 | D:7      | Reached skill level 1 in Shields
 11467 | D:4      | Bought a scroll of enchant weapon for 105 gold pieces
 11467 | D:4      | Bought a scroll of enchant armour for 105 gold pieces
 11467 | D:4      | Bought a scroll of brand weapon for 133 gold pieces
 11720 | D:8      | Found a sacrificial altar of Ru.
 11731 | D:8      | Found a stormy altar of Qazlal.
 12523 | D:9      | Noticed an elephant
 12526 | D:9      | Noticed a two-headed ogre
 12533 | D:9      | Killed an elephant
 12545 | D:9      | Killed a two-headed ogre
 12546 | D:9      | Reached skill level 5 in Shields
 12546 | D:9      | Found a staircase to the Lair.
 13113 | D:9      | Reached XP level 11. HP: 95/95 MP: 10/10
 13300 | D:9      | Reached skill level 9 in Fighting
 13339 | D:9      | Received a gift from Trog
 13453 | D:9      | Found a burning altar of Makhleb.
 13732 | D:9      | Noticed Amaemon
 13749 | D:9      | Killed Amaemon
 14239 | D:10     | Entered Level 10 of the Dungeon
 14535 | D:10     | Found a glowing golden altar of the Shining One.
 14535 | D:10     | Found an ancient bone altar of Kikubaaqudgha.
 14535 | D:10     | Found a hide-covered altar of Uskayaw.
 14673 | D:10     | Found an opulent altar of Gozag.
 14831 | D:10     | Noticed a two-headed ogre
 14836 | D:10     | Killed a two-headed ogre
 15385 | D:10     | Noticed a two-headed ogre
 15391 | D:10     | Killed a two-headed ogre
 15422 | D:10     | Found a staircase to the Orcish Mines.
 15585 | D:10     | Identified 2 scrolls of acquirement
 15585 | D:10     | Acquired the +2 cloak of Gluttony {+Blink rElec rPois}
 15592 | D:10     | Acquired a manual of Dodging
 15872 | D:11     | Noticed a boulder beetle
 15912 | D:11     | Killed a boulder beetle
 16137 | D:11     | Found Duasucell's Jewellery Emporium.
 16202 | D:11     | Reached skill level 5 in Throwing
 16345 | D:11     | Reached XP level 12. HP: 66/106 MP: 11/11
 16907 | D:11     | Reached skill level 10 in Fighting
 17089 | D:11     | Noticed Josephine
 17107 | D:11     | Killed Josephine
 18326 | D:12     | Noticed Nessos
 18401 | Lair:1   | Entered Level 1 of the Lair of Beasts
 18442 | Lair:1   | Reached skill level 10 in Armour
 18944 | Lair:1   | Received a gift from Trog
 18951 | Lair:1   | Reached skill level 10 in Dodging
 19694 | Lair:1   | Acquired the ring of Hegidgh {EV+5 Stlth+}
 19744 | Lair:2   | Found a staircase to the Shoals.
 19746 | Lair:2   | Noticed a six-headed hydra
 19756 | Lair:2   | Reached skill level 10 in Shields
 20023 | Lair:2   | Killed a three-headed hydra
 20496 | Lair:2   | Found a staircase to the Snake Pit.
 20909 | Lair:2   | Identified the +2 halberd of the Pits of Slime {venom,
                  | rCorr MP+9 Str-5 SInv}
 20964 | Lair:2   | Noticed a seven-headed hydra
 20975 | Lair:2   | Killed a four-headed hydra
 21827 | Lair:3   | Reached skill level 11 in Fighting
 21836 | Lair:3   | Reached XP level 13. HP: 94/116 MP: 4/12
 21840 | Lair:3   | Reached skill level 15 in Axes
 22253 | Lair:3   | Identified the +2 ring mail of Neozamet {rF++ Will+ Regen+
                  | Stlth-}
 22410 | Lair:4   | Found a staircase to the Slime Pits.
 23100 | Lair:4   | Received a gift from Trog
 25966 | Lair:5   | Entered Level 5 of the Lair of Beasts
 26255 | Lair:5   | Reached skill level 12 in Fighting
 26738 | Lair:5   | Reached XP level 14. HP: 80/126 MP: 13/13
 28379 | Lair:5   | Identified the ring of Ubrasace {AC+4 Str+4}
 28702 | Lair:5   | Upgraded the game from 0.30-a0-779-g7971cf19c3 to
                  | 0.30-a0-782-ge64f9170bb
 29076 | Orc:1    | Entered Level 1 of the Orcish Mines
 29093 | Orc:1    | Received a gift from Trog
 29615 | Orc:2    | Entered Level 2 of the Orcish Mines
 29615 | Orc:2    | Found Vasiulaw's Weapon Boutique.
 29615 | Orc:2    | Found a staircase to the Elven Halls.
 29923 | Orc:2    | Paralysed by an orc sorcerer for 4 turns
 30164 | Orc:1    | Noticed Nergalle
 30171 | Orc:1    | Killed Nergalle
 30362 | Orc:2    | Paralysed by an orc sorcerer for 5 turns
 30489 | Orc:2    | Found Ysyb's Antique Armour Boutique.
 30523 | Orc:2    | Found an ancient bone altar of Kikubaaqudgha.
 30580 | Orc:2    | Bought a runed plate armour for 884 gold pieces
 30608 | Orc:2    | Found a radiant altar of Vehumet.
 30627 | Orc:2    | Found Riufaycak's Magic Scroll Shop.
 30632 | Orc:2    | Received a gift from Trog
 30632 | Orc:2    | Found the +12 pair of quick blades "Gyre" and "Gimble"
                  | {protect}
 30654 | Orc:2    | Found Moich's Jewellery Shop.
 30701 | Orc:2    | Found Rusuaxelu's Antique Weapon Boutique.
 30726 | Orc:2    | Bought a scroll of blinking for 82 gold pieces
 30726 | Orc:2    | Bought a scroll of blinking for 82 gold pieces
 31173 | D:12     | Killed Nessos
 31174 | D:12     | Reached skill level 13 in Fighting
 31698 | D:12     | Found a runed translucent gate.
 31699 | D:12     | Found a runed translucent gate.
 31699 | D:12     | Found a runed translucent gate.
 31703 | D:12     | Noticed IndexError's ghost (journeyman DEHs)
 31703 | D:12     | Noticed postfeelist's ghost (journeyman MiBe)
 31953 | D:12     | Killed IndexError's ghost
 31963 | D:12     | Killed postfeelist's ghost
 32451 | D:13     | Found a gate leading to a gauntlet.
 32464 | Gauntlet | Entered a Gauntlet
 32464 | Gauntlet | Found a transporter.
 32464 | Gauntlet | Found a transporter.
 32578 | Gauntlet | Found a transporter.
 32578 | Gauntlet | Found a transporter.
 32588 | Gauntlet | Found a transporter.
 32608 | Gauntlet | Found a transporter.
 32655 | Gauntlet | Found a transporter.
 32674 | Gauntlet | Found a transporter.
 32680 | Gauntlet | Found a transporter.
 32688 | Gauntlet | Found a transporter.
 32703 | Gauntlet | Found a transporter.
 32711 | Gauntlet | Found a transporter.
 32929 | Gauntlet | Identified the amulet of Freedom {Faith +Inv rPois}
 32970 | Gauntlet | Received a gift from Trog
 32971 | Gauntlet | Reached XP level 15. HP: 136/136 MP: 4/14
 32975 | Gauntlet | Reached skill level 1 in Evocations
 32992 | Gauntlet | Identified the ring "Geothac" {rC+ EV+5}
 33565 | D:13     | Found a gate to the Vaults.
 33569 | D:13     | Identified the +13 plate armour "Zaaxem" {Harm}
 34078 | D:14     | Found a flickering gateway to a bazaar.
 34088 | Bazaar   | Entered a bazaar
 34092 | Bazaar   | Found Siuseico's Jewellery Boutique.
 34111 | Bazaar   | Found Duejowuq's Antique Armour Shoppe.
 34133 | Bazaar   | Found Silux's Armour Boutique.
 34154 | Bazaar   | Found Quasih's Book Emporium.
 34243 | Bazaar   | Bought the +3 cloak of Mufrymof {Regen+} for 238 gold
                  | pieces
 34243 | Bazaar   | Bought the +0 pair of gloves of the Hall of Blades {Rampage
                  | rF+} for 166 gold pieces
 34582 | D:14     | Reached skill level 15 in Dodging
 35700 | D:15     | Entered Level 15 of the Dungeon
 36063 | D:15     | Identified the +7 broad axe "Wuemet" {heavy, rElec Str+3}
                  | (Trog gifted it to you on level 15 of the Dungeon)
 36063 | D:15     | Received a gift from Trog
 36064 | D:15     | Reached skill level 14 in Fighting
 36368 | D:15     | Found a staircase to the Depths.
 36453 | D:15     | HP: 8/207 [death knight/+3 great sword (19)]
 36852 | D:15     | Found a bloodstained altar of Trog.
 36864 | D:15     | Found a runed translucent gate.
 36864 | D:15     | Found a runed translucent gate.
 36864 | D:15     | Found a runed translucent gate.
 37406 | Snake:1  | Entered Level 1 of the Snake Pit
 37418 | Snake:1  | Noticed Roxanne
 37445 | Snake:1  | Noticed Aizul
 37458 | Snake:1  | Killed Aizul
 37674 | Snake:1  | Reached XP level 16. HP: 134/147 MP: 15/15
 37792 | Snake:1  | Noticed Azrael
 37802 | Snake:1  | Killed Azrael
 37807 | Snake:1  | Received a gift from Trog
 38959 | Snake:2  | Reached skill level 5 in Evocations
 39718 | Snake:3  | Reached skill level 15 in Fighting
 40175 | Snake:3  | Reached ****** piety under Trog
 40876 | Shoals:1 | Entered Level 1 of the Shoals
 41822 | Shoals:1 | Found a runed translucent door.
 41829 | Shoals:1 | Noticed Lavandula's ghost (adept HuMo)
 41866 | Shoals:1 | Killed Lavandula's ghost
 42167 | Shoals:2 | Reached skill level 15 in Shields
 42250 | Shoals:2 | Noticed Donald
 42266 | Shoals:2 | Reached skill level 15 in Armour
 42267 | Shoals:2 | Killed Donald
 42625 | Shoals:2 | Noticed Nikola
 42645 | Shoals:2 | Killed Nikola
 42701 | Shoals:2 | Received a gift from Trog
 42768 | Shoals:2 | Noticed Ilsuiw
 42771 | Shoals:2 | Reached XP level 17. HP: 156/156 MP: 16/16
 42803 | Shoals:2 | Killed Ilsuiw
 42990 | Shoals:2 | Found a runed translucent door.
 43025 | Shoals:2 | Found a corrupted altar of Lugonu.
 43127 | Shoals:2 | Noticed Polyphemus
 43135 | Shoals:2 | Killed Polyphemus
 43139 | Shoals:2 | Found a one-way gate to the infinite horrors of the Abyss.
 43654 | Shoals:3 | Noticed a kraken
 43668 | Shoals:3 | Killed a kraken
 44174 | Shoals:3 | Reached skill level 16 in Fighting
 44640 | Shoals:3 | Found Dalam's Magic Scroll Shop.
 44654 | Shoals:3 | Bought a scroll of enchant armour for 120 gold pieces
 44654 | Shoals:3 | Bought a scroll of enchant armour for 120 gold pieces
 44688 | Shoals:4 | Entered Level 4 of the Shoals
 44951 | Shoals:4 | Received a gift from Trog
 45389 | Shoals:4 | Reached skill level 1 in Ranged Weapons
 45506 | Shoals:4 | Reached skill level 5 in Ranged Weapons
 45693 | Shoals:4 | Got a barnacled rune of Zot
 45713 | Shoals:4 | Received a gift from Trog
 46170 | Snake:4  | Entered Level 4 of the Snake Pit
 46330 | Snake:4  | Found Toefaenaotz's Magic Scroll Shop.
 46812 | Snake:4  | Received a gift from Trog
 46878 | Snake:4  | Reached skill level 10 in Ranged Weapons
 46950 | Snake:4  | Reached XP level 18. HP: 154/167 MP: 17/17
 47003 | Snake:4  | Got a serpentine rune of Zot
 47179 | Snake:4  | Found Weaschoago's Book Emporium.
 47251 | Snake:4  | Identified the +5 war axe "Coetaz" {speed, Drain rElec rN+
                  | Will++}
 47671 | Snake:4  | Found a runed translucent gate.
 47672 | Snake:4  | Found a runed translucent gate.
 47672 | Snake:4  | Found an opulent altar of Gozag.
 47673 | Snake:4  | Found a runed translucent gate.
 47729 | Snake:4  | Noticed Jeukyot's ghost (adept MiMo)
 48000 | Snake:4  | Killed Jeukyot's ghost
 48629 | Vaults:1 | Entered Level 1 of the Vaults
 48898 | Vaults:1 | Identified the +6 battleaxe of Trog's Delight {heavy,
                  | Str+3} (Trog gifted it to you on level 1 of the Vaults)
 48898 | Vaults:1 | Received a gift from Trog
 50429 | Vaults:1 | Reached skill level 17 in Fighting
 50933 | Vaults:2 | Received a gift from Trog
 51063 | Vaults:2 | Found a staircase to the Crypt.
 51063 | Vaults:2 | Found an ancient bone altar of Kikubaaqudgha.
 51063 | Vaults:2 | Found a basalt altar of Yredelemnul.
 51096 | Vaults:2 | Reached skill level 10 in Throwing
 51189 | Vaults:2 | Reached skill level 18 in Fighting
 51276 | Vaults:2 | Noticed Saint Roka
 51288 | Vaults:2 | Killed Saint Roka
 51690 | Vaults:2 | Received a gift from Trog
 51704 | Vaults:2 | Reached XP level 19. HP: 167/174 MP: 18/18
 51731 | Vaults:2 | Identified the +0 robe "Fewiesan" {+Inv Fly Regen+}
 52217 | Vaults:2 | Reached skill level 19 in Fighting
 52813 | Vaults:3 | Acquired a manual of Axes
 52919 | Vaults:3 | Received a gift from Trog
 53235 | Vaults:3 | Identified the +0 robe "Fascheup" {Will+}
 53599 | Vaults:3 | Identified the +7 chain mail of the Dwarven Hall {rElec
                  | Str+3}
 53609 | Abyss:2  | Cast into level 2 of the Abyss (a deep elf sorcerer)
 53610 | Abyss:2  | Found a corrupted altar of Lugonu.
 53660 | Abyss:2  | Noticed a bone dragon
 53666 | Abyss:2  | Gained mutation: You are vulnerable to heat. (rF-) [a
                  | neqoxec]
 53667 | Abyss:2  | Lost intelligence.
 53670 | Abyss:2  | Gained mutation: You are extremely frail. (-30% HP) [a
                  | neqoxec]
 53671 | Abyss:2  | Killed a bone dragon
 53752 | Abyss:2  | Lost mutation: You are frail. (-10% HP) [potion of
                  | mutation]
 53752 | Abyss:2  | Lost mutation: You are vulnerable to heat. (rF-) [potion of
                  | mutation]
 53752 | Abyss:2  | Gained mutation: You are occasionally teleported next to
                  | monsters. [potion of mutation]
 53759 | Abyss:2  | Lost intelligence.
 53777 | Abyss:2  | Found a corrupted altar of Lugonu.
 53824 | Vaults:3 | Escaped the Abyss
 53831 | Vaults:3 | Identified the +4 hand axe of Living Peril {flame, rPois
                  | rCorr Str+4 Stlth-} (Trog gifted it to you on level 3 of
                  | the Vaults)
 53831 | Vaults:3 | Received a gift from Trog
 53875 | Vaults:3 | Lost mutation: You are occasionally teleported next to
                  | monsters. [potion of mutation]
 53875 | Vaults:3 | Gained mutation: Your spells are a little easier to cast,
                  | but a little less powerful. [potion of mutation]
 53875 | Vaults:3 | Gained mutation: You have sharp toenails. [potion of
                  | mutation]
 53876 | Vaults:3 | Identified the ring "Sutzo" {rElec rC- rN+ Will++ rCorr}
 54078 | Vaults:3 | Noticed Frederick
 54088 | Vaults:3 | Killed Frederick
 55617 | Vaults:4 | Received a gift from Trog
 56122 | Vaults:4 | Reached XP level 20. HP: 193/193 MP: 19/19
 56163 | Vaults:4 | Reached skill level 20 in Fighting
 56186 | Vaults:4 | Received a gift from Trog
 57276 | Depths:1 | Entered Level 1 of the Depths
 57345 | Depths:1 | Noticed Asterion
 57361 | Depths:1 | Killed Asterion
 57605 | Depths:1 | Found a gateway to Hell.
 57618 | Depths:1 | Found a one-way gateway to a ziggurat.
 57683 | Depths:1 | Received a gift from Trog
 58235 | Depths:1 | Found Suminepn's Book Boutique.
 58596 | Depths:2 | Found a runed translucent door.
 58682 | Depths:2 | Found Cienuewu's Magic Scroll Boutique.
 58724 | Depths:2 | Bought a scroll of enchant armour for 112 gold pieces
 58739 | Depths:2 | Noticed a golden dragon
 58873 | Depths:2 | Received a gift from Trog
 58914 | Depths:2 | HP: 4/195 [iron troll (21)]
 60110 | Depths:2 | You fall into a shaft and drop 2 floors!
 60110 | Depths:4 | Entered Level 4 of the Depths
 60233 | Depths:4 | Received a gift from Trog
 60234 | Depths:4 | Reached XP level 21. HP: 184/202 MP: 20/20
 60526 | Depths:4 | Found a basalt altar of Yredelemnul.
 60654 | Depths:4 | Noticed a golden dragon
 60658 | Depths:4 | Killed a golden dragon
 60783 | Depths:4 | Found a gate to the Realm of Zot.
 60803 | Depths:4 | Noticed a juggernaut
 60817 | Depths:4 | Killed a juggernaut
 60855 | Depths:4 | Received a gift from Trog
 60922 | Depths:3 | Reached skill level 21 in Fighting
 61236 | Depths:2 | Found a one-way gate leading to the halls of Pandemonium.
 61249 | Depths:2 | Identified the +5 falchion of the Sixty-Six Princes
                  | {freeze, *Noise rElec rC+ rCorr}
 61431 | Depths:2 | Received a gift from Trog
 62353 | Depths:3 | Noticed a golden dragon
 62361 | Depths:3 | Killed a golden dragon
 62412 | Depths:3 | Noticed Jory
 62438 | Depths:3 | Killed Jory
 62562 | Depths:3 | Reached skill level 10 in Evocations
 62871 | Depths:3 | Found Bogaitto's Antique Armour Boutique.
 62874 | Depths:3 | Identified the +0 scale mail of the Divine God {rC+ Int+4
                  | Dex-2 Stlth-}
 63011 | Depths:3 | Found a radiant altar of Vehumet.
 63128 | Depths:3 | Received a gift from Trog
 63155 | Depths:3 | Found a portal to a secret trove of treasure.
 64253 | Depths:4 | Found a white marble altar of Elyvilon.
 64760 | Depths:3 | Noticed a golden dragon
 64764 | Depths:3 | Killed a golden dragon
 64771 | Depths:3 | Found a runed translucent door.
 64775 | Depths:3 | Found a runed translucent door.
 64791 | Depths:3 | Noticed a caustic shrike
 64812 | Depths:3 | Killed a caustic shrike
 64942 | Depths:3 | Found a runed translucent door.
 64953 | Depths:3 | Found a runed translucent door.
 65056 | Depths:3 | Identified the +4 whip "Fiuvodoq" {speed, rN+ Int+5}
 65073 | Depths:2 | Found a hide-covered altar of Uskayaw.
 65278 | Depths:2 | Reached XP level 22. HP: 167/213 MP: 7/21
 65921 | Elf:1    | Entered Level 1 of the Elven Halls
 65932 | Elf:1    | Received a gift from Trog
 65989 | Elf:1    | Identified the +8 war axe of Skirmishing {heavy, Int+3}
 66044 | Elf:1    | Found Illoomm's Distillery.
 66062 | Elf:1    | Bought a potion of heal wounds for 80 gold pieces
 66062 | Elf:1    | Bought a potion of heal wounds for 80 gold pieces
 66062 | Elf:1    | Bought a potion of heal wounds for 80 gold pieces
 66062 | Elf:1    | Bought a potion of heal wounds for 80 gold pieces
 66062 | Elf:1    | Bought a potion of haste for 160 gold pieces
 66062 | Elf:1    | Bought a potion of haste for 160 gold pieces
 66062 | Elf:1    | Bought 2 potions of might for 128 gold pieces
 66125 | Elf:1    | Paralysed by an air elemental for 1 turns
 66550 | Elf:1    | Received a gift from Trog
 67183 | Elf:2    | Found Ennerupn's Antique Weapon Emporium.
 67192 | Abyss:3  | Cast into level 3 of the Abyss (+2 trident of distortion)
 67199 | Elf:2    | Escaped the Abyss
 67220 | Elf:2    | Received a gift from Trog
 67431 | Elf:2    | Found Muivapri's Assorted Antiques.
 67474 | Elf:2    | Found Vequteif's Jewellery Shoppe.
 67496 | Elf:2    | Found a frozen archway.
 67551 | IceCv    | Entered an ice cave
 67553 | IceCv    | Found a transporter.
 67557 | IceCv    | Received a gift from Trog
 67574 | IceCv    | Found a transporter.
 67638 | Elf:2    | Bought 3 scrolls of enchant armour for 697 gold pieces
 67824 | Elf:2    | Acquired a manual of Ranged Weapons
 67840 | Elf:2    | Found Zazateg's Book Emporium.
 67880 | Elf:2    | Reached skill level 22 in Fighting
 68022 | Elf:2    | Found a huge runed translucent gate.
 68022 | Elf:2    | Found a huge runed translucent gate.
 68024 | Elf:2    | Found a huge runed translucent gate.
 68024 | Elf:2    | Found a huge runed translucent gate.
 68025 | Elf:2    | Found a huge runed translucent gate.
 68190 | Elf:3    | Entered Level 3 of the Elven Halls
 68311 | Elf:3    | Found Xanyunuu's General Store.
 68324 | Elf:3    | Bought a potion of heal wounds for 75 gold pieces
 68324 | Elf:3    | Bought a potion of curing for 45 gold pieces
 68324 | Elf:3    | Bought a potion of heal wounds for 75 gold pieces
 68438 | Elf:3    | Found a magical portal.
 68473 | WizLab   | Entered Iskenderun's Mystic Tower
 68771 | WizLab   | Received a gift from Trog
 69376 | Elf:3    | Identified the amulet of the Devil's Advocate {Spirit
                  | rElec}
 69787 | Elf:3    | Paralysed by an air elemental for 1 turns
 69828 | Elf:3    | Gained mutation: Your body sometimes deteriorates upon
                  | taking damage. [a cacodemon]
 69954 | Elf:3    | Received a gift from Trog
 70132 | Elf:3    | Reached XP level 23. HP: 216/224 MP: 7/22
 70242 | Elf:3    | Identified the ring of the Clean Orange {EV+5 Int+5}
 70309 | Elf:3    | Identified the ring "Teas" {rF+ rC+ Str+3 Int+6}
 70313 | Elf:3    | Identified the +8 hand axe "Hutsoon" {spect, *Noise +Blink
                  | rN+++ rCorr}
 72286 | Vaults:5 | Entered Level 5 of the Vaults
 72312 | Vaults:5 | Received a gift from Trog
 72671 | Vaults:5 | Reached skill level 15 in Throwing
 72790 | Vaults:5 | Lost mutation: Your spells are a little easier to cast, but
                  | a little less powerful. [potion of mutation]
 72790 | Vaults:5 | Lost mutation: You have sharp toenails. [potion of
                  | mutation]
 72790 | Vaults:5 | Gained mutation: You are strong-willed. (Will+) [potion of
                  | mutation]
 72790 | Vaults:5 | Gained mutation: You occasionally lose the ability to drink
                  | potions when taking damage. [potion of mutation]
 72790 | Vaults:5 | Gained mutation: You are agile. (Dex +4, Str/Int -1)
                  | [potion of mutation]
 72791 | Vaults:5 | Lost mutation: You are agile. (Dex +4, Str/Int -1) [potion
                  | of mutation]
 72791 | Vaults:5 | Lost mutation: You occasionally lose the ability to drink
                  | potions when taking damage. [potion of mutation]
 72791 | Vaults:5 | Lost mutation: Your body sometimes deteriorates upon taking
                  | damage. [potion of mutation]
 72791 | Vaults:5 | Gained mutation: Your body sometimes deteriorates upon
                  | taking damage. [potion of mutation]
 72791 | Vaults:5 | Gained mutation: You are partially covered in iridescent
                  | scales. (AC +2) [potion of mutation]
 72791 | Vaults:5 | Gained mutation: You are mostly covered in iridescent
                  | scales. (AC +4) [potion of mutation]
 72791 | Vaults:5 | Gained mutation: You passively map a small area around you.
                  | [potion of mutation]
 72919 | Vaults:5 | Received a gift from Trog
 73002 | Vaults:5 | Noticed Margery
 73015 | Vaults:5 | Killed Margery
 73025 | Vaults:5 | Reached skill level 23 in Fighting
 73217 | Vaults:5 | Identified the +5 triple sword "Vinuxt" {drain, rF++}
 73443 | Vaults:5 | Identified the +8 shortbow of Jaongu {heavy, rElec rN+}
 73474 | Vaults:5 | Noticed an ancient lich
 73489 | Vaults:5 | Killed an ancient lich
 73538 | Vaults:5 | Received a gift from Trog
 73799 | Vaults:5 | Identified the +7 spear of Pubbub {drain, rN+}
 73968 | Vaults:5 | Got a silver rune of Zot
 74714 | Zot:1    | Entered Level 1 of the Realm of Zot
 74907 | Zot:1    | Reached XP level 24. HP: 226/235 MP: 22/22
 75397 | Zot:1    | Received a gift from Trog
 75747 | Zot:1    | Found a transporter.
 75876 | Zot:1    | Noticed Vv
 75891 | Zot:1    | Killed Vv
 76001 | Zot:1    | Found a transporter.
 77834 | Zot:2    | Received a gift from Trog
 80113 | Zot:2    | Found a corrupted altar of Lugonu.
 80284 | Zot:2    | Reached skill level 24 in Fighting
 80572 | Zot:2    | Received a gift from Trog
 81330 | Crypt:1  | Entered Level 1 of the Crypt
 81420 | Crypt:1  | Identified the +0 battleaxe "Fasa" {elec, rN+ Will+}
 81466 | Crypt:1  | Reached XP level 25. HP: 167/246 MP: 22/22
 82460 | Crypt:2  | Received a gift from Trog
 83152 | Crypt:3  | Entered Level 3 of the Crypt
 83509 | Crypt:3  | Received a gift from Trog
 83521 | Crypt:3  | Reached skill level 15 in Ranged Weapons
 84130 | Crypt:3  | Reached XP level 26. HP: 257/257 MP: 22/22
 84294 | Crypt:3  | Found a runed translucent gate.
 84294 | Crypt:3  | Found a runed translucent gate.
 84295 | Crypt:3  | Noticed Nedaafist's ghost (adept DgNe)
 84323 | Crypt:3  | Found a runed translucent gate.
 84461 | Crypt:3  | Received a gift from Trog
 84463 | Crypt:3  | Noticed a dread lich
 84472 | Crypt:3  | Killed a dread lich
 84537 | Crypt:3  | Reached skill level 25 in Fighting
 84801 | Crypt:3  | Found a staircase to the Tomb.
 84930 | Crypt:3  | Killed Nedaafist's ghost
 85573 | Tomb:1   | Entered Level 1 of the Tomb of the Ancients
 86740 | Zot:4    | Received a gift from Trog
 86963 | Zot:5    | Entered Level 5 of the Realm of Zot
 88015 | Zot:5    | Noticed a dread lich
 88036 | Zot:5    | Killed a dread lich
 88233 | Zot:5    | Noticed an ancient lich
 88242 | Zot:5    | Killed an ancient lich
 88243 | Zot:5    | Noticed an orb of fire
 88252 | Zot:5    | Killed an orb of fire
 88253 | Zot:5    | Reached XP level 27. HP: 264/266 MP: 0/22
 88962 | Zot:5    | Noticed a dread lich
 88975 | Zot:5    | Noticed a dread lich
 88981 | Zot:5    | Killed a dread lich
 88985 | Zot:5    | Killed a dread lich
 89142 | Zot:5    | Noticed an orb of fire
 89142 | Zot:5    | Noticed an ancient lich
 89143 | Zot:5    | Noticed an orb of fire
 89158 | Zot:5    | Gained mutation: Armour fits poorly on your strangely
                  | shaped body. [an orb of fire]
 89188 | Zot:5    | Killed an ancient lich
 89201 | Zot:5    | Gained mutation: You are frail. (-10% HP) [an orb of fire]
 89206 | Zot:5    | HP: 3/224 [orb of fire/bolt of fire (44)]
 89368 | Zot:4    | Lost mutation: Your body sometimes deteriorates upon taking
                  | damage. [potion of mutation]
 89368 | Zot:4    | Lost mutation: You are frail. (-10% HP) [potion of
                  | mutation]
 89368 | Zot:4    | Gained mutation: You passively dampen the noise of your
                  | surroundings. [potion of mutation]
 89404 | Zot:5    | Gained mutation: You are clumsy. (Dex -2) [an orb of fire]
 89406 | Zot:5    | Gained mutation: You have hidden genetic defects. [an orb
                  | of fire]
 89415 | Zot:5    | Gained mutation: You occasionally shout uncontrollably at
                  | your foes. [an orb of fire]
 89417 | Zot:5    | Gained mutation: You are vulnerable to heat. (rF-) [an orb
                  | of fire]
 89417 | Zot:5    | Killed an orb of fire
 89757 | Zot:4    | Lost mutation: You passively dampen the noise of your
                  | surroundings. [potion of mutation]
 89757 | Zot:4    | Lost mutation: You occasionally shout uncontrollably at
                  | your foes. [potion of mutation]
 89757 | Zot:4    | Gained mutation: You are highly strong-willed. (Will++)
                  | [potion of mutation]
 89759 | Zot:4    | Lost mutation: You have hidden genetic defects. [potion of
                  | mutation]
 89759 | Zot:4    | Lost mutation: You are mostly covered in iridescent scales.
                  | (AC +4) [potion of mutation]
 89759 | Zot:4    | Gained mutation: Your muscles are strong. (Str +4, Int/Dex
                  | -1) [potion of mutation]
 89759 | Zot:4    | Lost mutation: You passively map a small area around you.
                  | [potion of mutation]
 89759 | Zot:4    | Gained mutation: You expend magic power (3 MP) to
                  | strengthen your wands. [potion of mutation]
 89960 | Zot:4    | Lost mutation: Your muscles are strong. (Str +4, Int/Dex
                  | -1) [potion of mutation]
 89960 | Zot:4    | Lost mutation: You are vulnerable to heat. (rF-) [potion of
                  | mutation]
 89960 | Zot:4    | Lost mutation: Armour fits poorly on your strangely shaped
                  | body. [potion of mutation]
 89960 | Zot:4    | Lost mutation: You are clumsy. (Dex -2) [potion of
                  | mutation]
 90074 | Zot:5    | Lost intelligence.
 90074 | Zot:5    | Gained mutation: You are dopey. (Int -2) [an orb of fire]
 90082 | Zot:5    | Killed an orb of fire
 90082 | Zot:5    | Noticed a dread lich
 90965 | Zot:5    | Killed a dread lich
 92791 | Zot:5    | Lost mutation: You expend magic power (3 MP) to strengthen
                  | your wands. [potion of mutation]
 92791 | Zot:5    | Lost mutation: You are partially covered in iridescent
                  | scales. (AC +2) [potion of mutation]
 92791 | Zot:5    | Gained mutation: You are partially covered in iridescent
                  | scales. (AC +2) [potion of mutation]
 92791 | Zot:5    | Gained mutation: Your body sometimes deteriorates upon
                  | taking damage. [potion of mutation]
 92791 | Zot:5    | Gained mutation: Your spells are a little harder to cast,
                  | but a little more powerful. [potion of mutation]
 92792 | Zot:5    | Lost mutation: You are dopey. (Int -2) [potion of mutation]
 92792 | Zot:5    | Lost mutation: Your spells are a little harder to cast, but
                  | a little more powerful. [potion of mutation]
 92792 | Zot:5    | Gained mutation: You possess an exceptional clarity of
                  | mind. [potion of mutation]
 92792 | Zot:5    | Gained mutation: You have supernaturally acute eyesight.
                  | (SInv) [potion of mutation]
 92792 | Zot:5    | Gained mutation: You are weak. (Str -2) [potion of
                  | mutation]
 92792 | Zot:5    | Gained mutation: You have sharp toenails. [potion of
                  | mutation]
 93369 | Zot:5    | Got the Orb of Zot
 93474 | Zot:4    | Received a gift from Trog
 93537 | Zot:3    | Noticed Seokhero the pandemonium lord
 93566 | Zot:3    | Killed Seokhero the pandemonium lord
 93944 | D:$      | Escaped with the Orb!

Illustrated notes

Levels and vault maps discovered:
D:1:      minmay_arrival_arboretum_small, layout_loops_cross, serial_shops,
          shop_fountains, grunt_decor_mini_mirrors
D:2:      layout_loops_ring, grunt_ministairs_7
D:3:      layout_loops_ring, portal_sewer_entry_e, serial_shops, shop
D:4:      layout_basic, mainiacjoe_overflow_surrounded_room, serial_shops,
          kennysheep_little_box, nicolae_elemental_shop, saegor_snake_ambush,
          uniq_natasha
D:5:      minmay_thinvault, layout_loops_cross, uniq_edmund
D:6:      layout_basic, chequers_ossuary_entry_cave,
          amcnicky_mini_rare_corridor_liquid, dk_vineyard_3, uniq_pikel
D:7:      layout_loops_ring, minmay_temple_entry_arrows, gammafunk_ghost_grave,
          minivault_22, chequers_arboretum
D:8:      layout_gridville, mainiacjoe_overflow_catwalk_spiral
D:9:      layout_loops_ring, lightli_temple_of_fire, david_lair_generic,
          uniq_amaemon
D:10:     layout_roguey, gammafunk_temple_overflow_claw,
          grunt_gozag_breadcrumbs, orc_0_dummy
D:11:     layout_loops_ring, serial_shops, nicolae_shop_behind_doors,
          serial_rivers, chequers_serial_rivers_micro_b,
          chequers_serial_rivers_micro_e, chequers_serial_rivers_small_b,
          chequers_serial_rivers_large_b, hangedman_batty, uniq_josephine
D:12:     layout_loops_ring, gammafunk_ghost_cemetery, drop_trap,
          minmay_mirror_moons_of_madness, uniq_nessos
D:13:     layout_loops_ring, ximxim_vaults_locker_room, gauntlet_entry_generic,
          kennysheep_minor_cross
D:14:     layout_stronghold, serial_shops, bzr_entry_safe, kennysheep_two_boxes
D:15:     hangedman_depths_entry_civil_slaughter, layout_stronghold,
          ploomutoo_gammafunk_ghost_potion_laboratory, serial_column_ruins,
          column_ruins_square_medium, column_ruins_columns_straight,
          column_ruins_columns_straight, column_ruins_open_small,
          column_ruins_corridor_corner, column_ruins_open_large,
          reono_crystal_passage, bloody_trog
Lair:1:   layout_hall_layers
Lair:2:   layout_cave_pods, nicolae_shoals_entry_flooding,
          guppyfry_snake_entry_garden, grunt_megastairs_3, serial_bayou_shore_a
Lair:3:   layout_hall_layers, grunt_forest_small_clearings
Lair:4:   nzn_motion_control, layout_regular_city, slime_entry_1,
          roderic_carrion_pond
Lair:5:   grunt_lair_end_beastmaster, layout_regular_city
Shoals:1: layout_shoals, ebering_ghost_reflecting_pool
Shoals:2: layout_shoals, nicolae_shoals_abyss_on_the_beach, uniq_polyphemus,
          uniq_ilsuiw, uniq_nikola, uniq_donald
Shoals:3: layout_shoals, serial_shops, shop
Shoals:4: shoals_end_grunt_garden, layout_shoals
Snake:1:  layout_chambers, serial_bayou_pond_d, nicolae_snake_springs,
          grunt_megastairs_1, uniq_aizul, uniq_azrael, uniq_roxanne
Snake:2:  layout_misc_corridors, special_room
Snake:3:  layout_chambers, nrook_loot_triangle, grunt_megastairs_2
Snake:4:  grunt_snake_rune_spirals, layout_concentric_octagons, serial_shops,
          shop, nicolae_shop_behind_doors, ebering_ghost_gozag
Orc:1:    layout_diamond_mine, serial_shops, uniq_nergalle
Orc:2:    kennysheep_orc_mage_school, layout_caves, serial_shops,
          nicolae_shop_hallway_stairs, statue_in_the_mist_lemuel
Elf:1:    elf_arrival_001, layout_geoelf_grid, serial_shops,
          nicolae_shop_hallway_stairs, minmay_elf_annihilation
Elf:2:    elven_hall_of_blades_hangedman_alternative [nicolae_blade_tridents],
          layout_rooms, serial_shops, nicolae_shop_advertising_works
          [nicolae_subvault_shop_adworks], shop, nicolae_shop_waterfront, shop,
          nicolae_shop_statue_plus, portal_ice_cave_entry_dragon
Elf:3:    elf_hall_gauntlet_wide, layout_geoelf_grid, mu_enter_wizlab_2,
          serial_shops, nicolae_shop_waterfront
Vaults:1: vaults_room_grunt_arrival_ludios, vaults_room_boxed,
          vaults_dpeg_hooks, v_misc_28, nicolae_vaults_specimen_jars,
          ontoclasm_vaults_fault, hangedman_vaults_variations,
          ontoclasm_vaults_pinch, hangedman_vaults_trim, vaults_dpeg_cross,
          hangedman_vaults_river_flow, ontoclasm_vaults_ligature,
          layout_vaults_maze
Vaults:2: nicolae_vaults_gold_heap, hangedman_vaults_slice, vaults_room_corners,
          hangedman_vaults_unwind, dpeg_vaults_hating_casters,
          minmay_crypt_entry_necro_gods, v_misc_3, v_alt_pattern_2, v_misc_8,
          v_misc_27, ontoclasm_vaults_tryst, vaults_room_hallway,
          vaults_room_pool, layout_vaults_ring, uniq_saint_roka
Vaults:3: v_misc_15, v_misc_16, v_alt_pattern_1, v_misc_2, v_rooms_5,
          vaults_room_hangedman_quadrants, v_misc_14,
          nicolae_vaults_angled_halls, layout_vaults_omnicross, uniq_frederick
Vaults:4: nicolae_vaults_big_ls, hangedman_vaults_snaps,
          ontoclasm_vaults_gateway, hangedman_vaults_corner, v_misc_4,
          vaults_room_pool, hangedman_vaults_impose, st_star,
          dpeg_vaults_monster_box, vaults_mumra_lcd,
          nicolae_vaults_ninety_degrees, nicolae_vaults_circle_grid_b,
          grunt_vaults_hallway_short, grunt_vaults_focal, layout_vaults_omnibox
Vaults:5: uniq_margery
Crypt:1:  layout_regular_city, grunt_ministairs_10
Crypt:2:  layout_gridlike
Crypt:3:  due_elkab, layout_chaotic_city, gammafunk_ghost_necromancy
Tomb:1:   uniq_boris
Depths:1: layout_roguey, ziggurat_fallback, serial_shops, shop, abyss_entry,
          dreamdust_wishing_well, hell_entry, serial_bayou_lagoon_b,
          uniq_asterion
Depths:2: regret_index_uskayaw_diablada_macabre, layout_cave_shapes,
          abyss_entry, nicolae_titane, pan_entry, hell_entry, serial_shops,
          kennysheep_mini_moat, minmay_hidden_floor
Depths:3: impenetrable_vault, layout_basic, enter_trove_3, abyss_entry,
          serial_shops, shop, pf_hell_entry_tar_spiral, library_closet,
          vehumet_crystals, infiniplex_staircase_pool_lava, uniq_jory
Depths:4: grunt_twist_and_shout, layout_twisted_cross, hangedman_geh_valley,
          nicolae_elyvilon_temple_path, lemuel_zombie_altar_yredelemnul
Zot:1:    gammafunk_its_a_trap, layout_gridville, st_stairs_3, uniq_vv
Zot:2:    nicolae_zot_draconian_monastery, layout_misc_corridors
Zot:3:    layout_cathedral_of_symmetry
Zot:4:    layout_onion, skrybe_zot_glass_1
Zot:5:    layout_twisted_circle, drop_trap

Skill      XL: |  1  2  3  4  5  6  7  8  9 10 11 12 13 14 15 16 17 18 19 20 21 22 23 24 25 26 27 |
---------------+----------------------------------------------------------------------------------+-----
Axes           | 4 5 6 7 8 9 11 12 13 14 15 16 17 18 19 20 22 | 22.5
Fighting       | 4 5 7 8 9 11 12 13 14 15 16 18 19 20 21 22 23 24 25 | 25.8
Armour         | 3 5 7 8 9 10 11 13 14 15 16 17 18 19 20 22 23 | 23.8
Dodging        | 4 6 7 9 10 12 14 15 16 17 18 19 20 21 22 23 | 23.6
Throwing       | 1 3 5 6 8 9 10 11 13 16 17 | 17.2
Shields        | 5 8 10 11 13 14 15 16 17 18 19 21 22 23 | 23.9
Evocations     | 4 6 7 9 10 | 10.6
Ranged Weapons | 10 12 13 15 17 18 | 18.3

Action                     |  1- 3 |  4- 6 |  7- 9 | 10-12 | 13-15 | 16-18 | 19-21 | 22-24 | 25-27 || total
---------------------------+-------+-------+-------+-------+-------+-------+-------+-------+-------++-------
  Melee: Hand axe          |   100 |   202 |   298 |   126 |       |       |       |       |       ||   726
         Headbutt          |    13 |    26 |    61 |   120 |   179 |   146 |   270 |   310 |   221 ||  1346
         Punch             |       |     1 |     6 |     1 |       |     1 |     1 |       |       ||    10
         War axe           |       |       |       |   358 |       |       |       |       |       ||   358
         Broad axe         |       |       |       |    73 |   749 |   783 |  1034 |  1200 |   759 ||  4598
         Battleaxe         |       |       |       |    15 |    44 |       |       |       |       ||    59
   Fire: Arbalest          |       |       |       |       |       |   138 |    12 |       |       ||   150
  Throw: Dart              |       |     2 |    22 |    14 |    46 |       |       |     1 |       ||    85
         Boomerang         |       |       |       |   135 |    57 |   161 |   108 |    46 |     4 ||   511
         Throwing net      |       |       |       |       |     1 |       |       |       |       ||     1
         Javelin           |       |       |       |       |       |     6 |       |     1 |     7 ||    14
 Invoke: Berserk           |       |       |     2 |     5 |    13 |    15 |    10 |     6 |     5 ||    56
         Trog's Hand       |       |       |     1 |     1 |     3 |     5 |     2 |     1 |       ||    13
         Brothers in Arms  |       |       |       |       |       |       |       |       |     4 ||     4
Ability: Evoke Blink       |       |       |       |       |     3 |       |       |       |       ||     3
         Evoke Invisibilit |       |       |       |       |       |       |       |     1 |     1 ||     2
  Evoke: Piece from Xom's  |       |       |       |       |     1 |     3 |       |       |       ||     4
         Condenser vane    |       |       |       |       |     2 |     4 |     3 |     4 |     2 ||    15
         Phantom mirror    |       |       |       |       |     1 |     4 |     3 |       |       ||     8
         Lightning rod     |       |       |       |       |       |    10 |     2 |       |     1 ||    13
         Wand              |       |       |       |       |       |     7 |       |       |       ||     7
         Box of beasts     |       |       |       |       |       |     2 |     3 |       |       ||     5
         Tin of tremorston |       |       |       |       |       |       |       |     2 |     4 ||     6
    Use: Scroll            |       |       |     1 |    25 |    11 |     9 |     7 |     7 |    10 ||    70
         Potion            |       |       |       |     1 |     5 |     2 |     9 |     3 |    10 ||    30
   Stab: Petrified         |       |       |       |       |     4 |       |       |       |       ||     4
         Invisible         |       |       |       |       |     3 |       |       |       |       ||     3
         Distracted        |       |       |       |       |       |       |       |     1 |     2 ||     3
 Armour: Animal skin       |    12 |       |       |       |       |       |       |       |       ||    12
         Leather armour    |    19 |    77 |    68 |    20 |       |       |       |       |       ||   184
         Chain mail        |       |       |       |    42 |       |       |       |       |       ||    42
         Plate armour      |       |       |       |   294 |   357 |   405 |   610 |   671 |   200 ||  2537
         Skin              |       |       |       |       |     1 |       |       |       |       ||     1
  Dodge: Dodged            |    84 |    79 |   128 |   255 |   450 |   576 |   515 |   508 |   177 ||  2772
  Block: Kite shield       |       |       |       |   261 |   346 |   528 |   637 |    19 |       ||  1791
         Tower shield      |       |       |       |       |       |       |       |  1189 |   717 ||  1906

Table legend: (Time is in decaauts)
 A = Elapsed time spent in this place.
 B = Non-inter-level travel time spent in this place.
 C = Inter-level travel time spent in this place.
 D = Time resting spent in this place.
 E = Time spent auto-exploring this place.
 F = Levels seen in this place.
 G = Mean time per level.
                   A        B        C        D        E       F      G
               +--------+--------+--------+--------+--------+-----+--------+
         Total |  94932 |  72884 |  22048 |  35190 |  22642 |  59 | 1609.0 |
       Dungeon |  24075 |  19672 |   4403 |   7343 |   9533 |  15 | 1605.0 |
          Lair |  11056 |  10143 |    913 |   5153 |   3904 |   5 | 2211.2 |
        Shoals |   6105 |   4237 |   1868 |   2469 |    414 |   4 | 1526.2 |
     Snake Pit |   5698 |   4920 |    778 |   1131 |   2725 |   4 | 1424.5 |
  Orcish Mines |   1663 |   1052 |    611 |    314 |    226 |   2 |  831.5 |
   Elven Halls |   3850 |   2493 |   1357 |   1296 |    465 |   3 | 1283.3 |
        Vaults |  11114 |   7788 |   3326 |   3823 |   2324 |   5 | 2222.8 |
         Crypt |   4447 |   2850 |   1597 |   1208 |    838 |   3 | 1482.3 |
          Tomb |     16 |     16 |      0 |      0 |      0 |   1 |   16.0 |
        Depths |   8696 |   6402 |   2294 |   3440 |   1559 |   4 | 2174.0 |
           Zot |  13959 |   9062 |   4897 |   7126 |      0 |   5 | 2791.8 |
         Abyss |    274 |    274 |      0 |      0 |      0 |   2 |  137.0 |
        Bazaar |    214 |    214 |      0 |      0 |      0 |   1 |  214.0 |
         Sewer |   1805 |   1805 |      0 |   1358 |    280 |   1 | 1805.0 |
       Ossuary |    538 |    538 |      0 |     87 |    356 |   1 |  538.0 |
      Ice Cave |     65 |     65 |      0 |      0 |      0 |   1 |   65.0 |
        Wizlab |    642 |    642 |      0 |    130 |      0 |   1 |  642.0 |
      Gauntlet |    706 |    706 |      0 |    307 |     13 |   1 |  706.0 |
               +--------+--------+--------+--------+--------+-----+--------+

Top non-repeatable levels by time:
   Zot:5: 4730 daAuts
  Lair:4: 3756 daAuts
    D:11: 2859 daAuts
Vaults:1: 2772 daAuts
     D:4: 2705 daAuts
  Lair:5: 2642 daAuts
Depths:3: 2642 daAuts
   Zot:2: 2568 daAuts
Depths:1: 2535 daAuts
Shoals:3: 2526 daAuts
Vaults:3: 2489 daAuts
  Lair:2: 2470 daAuts
 Crypt:3: 2431 daAuts
   Zot:4: 2380 daAuts
   Zot:1: 2281 daAuts
